 Dungeon Crawl Stone Soup version 0.14-a0-445-g388476e (webtiles) character file.

409 PolkaDot the Grave Robber (level 5, -1/35 HPs)
             Began as a Vampire Necromancer on Oct 30, 2013.
             Rotted away (potion of mutation)
             ... in a sewer.
             The game lasted 00:11:09 (1994 turns).

PolkaDot the Grave Robber (Vampire Necromancer)     Turns: 1994, Time: 00:11:10

HP  -1/35        AC  2     Str  7      XL: 5   Next: 85%
MP   9/9         EV 12     Int 17      God:
Gold 162         SH  0     Dex 15      Spells:  2 memorised,  2 levels left

Res.Fire  : . . .   See Invis. : +   i - +1,+2 dagger (pain)
Res.Cold  : . . .   Warding    : .   a - +0 robe
Life Prot.: + . .   Conserve   : .   (no shield)
Res.Poison: .       Res.Corr.  : .   (no helmet)
Res.Elec. : .       Clarity    : .   (no cloak)
Sust.Abil.: . .     Spirit.Shd : .   (no gloves)
Res.Mut.  : .       Stasis     : .   (no boots)
Res.Rott. : .       Flight     : .   (no amulet)
Saprovore : . . .                    (no ring)
                                     j - cursed ring of positive energy {unknown}

@: regenerating quickly, mildly poisoned, slightly resistant to hostile
enchantments, stealthy
A: fangs 3, talons 1, see invisible, unbreathing
a: no special abilities


You were in a sewer.
You were very full.

You visited 1 branch of the dungeon, and saw 3 of its levels.
You also visited: Sewer.

You collected 142 gold pieces.

Inventory:

Hand weapons
 i - a +1,+2 dagger of pain (weapon)
Armour
 a - a +0 robe (worn)
Scrolls
 d - a scroll of enchant weapon II
 f - 2 scrolls of teleportation
 g - a scroll of curse armour {unknown}
 h - 2 scrolls of identify {unknown}
 k - a scroll of random uselessness {unknown}
 n - a scroll of noise {unknown}
 o - a scroll of remove curse {unknown}
 p - a scroll of amnesia {unknown}
Jewellery
 j - a cursed ring of positive energy (left hand) {unknown}
Potions
 l - a potion of mutation {unknown}
Books
 b - a book of Necromancy

   Spells                             Type                      Level
   *Pain                              Necromancy                   1
   Animate Skeleton                   Necromancy                   1
   Lethal Infusion                    Charms/Necromancy            2
   *Vampiric Draining                 Necromancy                   3
   Regeneration                       Charms/Necromancy            3
   Animate Dead                       Necromancy                   4
   Control Undead                     Necromancy                   4


   Skills:
 + Level 1.6 Short Blades
 - Level 2.1 Dodging
 - Level 3.0 Stealth
 - Level 1.0 Spellcasting
 * Level 7.6 Necromancy


You had 2 spell levels left.
You knew the following spells:

 Your Spells              Type           Power        Failure   Level  Hunger
a - Pain                  Necr           ####         1%          1    ##.....
s - Vampiric Draining     Necr           ####......   3%          3    ####...


Dungeon Overview and Level Annotations

Branches:
Dungeon (3/27)

Altars:
Elyvilon


Innate Abilities, Weirdness & Mutations

Your natural rate of healing is unusually fast.
You have razor-sharp teeth.*
You have supernaturally acute eyesight.
You can survive without breathing.*
You have sharp toenails.*


Message History

* * * LOW HITPOINT WARNING * * *
You feel sick.
Your magical contamination has completely faded away.
You start resting.
* * * LOW HITPOINT WARNING * * *
You feel sick.
You start resting.
* * * LOW HITPOINT WARNING * * *
You feel sick.
You feel a little better.
You start resting.
* * * LOW HITPOINT WARNING * * *
You feel sick.
You start resting.
* * * LOW HITPOINT WARNING * * *
You feel sick.
Drink which item? (? for menu, Esc to quit)
You feel extremely strange.
Your toenails lengthen and sharpen.
Your body decomposes!
You die...

############
###.≈≈...≈...#
...≈.≈≈≈≈≈≈≈≈.# .
≈≈≈≈≈≈≈≈≈≈≈≈≈≈≈#...
≈≈≈≈≈≈≈≈≈≈≈≈≈≈≈≈...
≈≈≈≈≈≈≈≈≈≈≈≈≈≈.#
...≈...≈))≈≈≈≈≈≈#
#≈≈((≈≈@)≈.#
##≈######### #≈#
#≈# #≈# #≈# #≈# #≈#
#≈#


There were no monsters in sight!

Vanquished Creatures
  A big kobold (Sewer)
  A big fish (Sewer)
  An orc priest (D:3)
  An adder (D:2)
  2 giant centipedes (D:3)
  4 worms
  4 grey rats (Sewer)
  An ooze (D:2)
  3 orcs (D:3)
  7 bats
  6 giant cockroaches
  6 goblins
  2 hobgoblins
  6 jackals
  10 kobolds
  A quokka (D:2)
  A ball python (D:3)
  A giant gecko (D:1)
  3 giant newts
  7 rats
68 creatures vanquished.

Notes
Turn   | Place    | Note
--------------------------------------------------------------
     0 | D:1      | PolkaDot, the Vampire Necromancer, began the quest for the Orb.
     0 | D:1      | Reached XP level 1. HP: 13/13 MP: 4/4
   453 | D:1      | Reached XP level 2. HP: 19/19 MP: 5/5
   459 | D:1      | Reached skill level 5 in Necromancy
   959 | D:2      | Reached XP level 3. HP: 15/24 MP: 6/6
  1276 | D:2      | Learned a level 3 spell: Vampiric Draining
  1288 | D:3      | Reached skill level 6 in Necromancy
  1369 | D:3      | Reached XP level 4. HP: 28/30 MP: 8/8
  1444 | D:3      | Found a white marble altar of Elyvilon.
  1756 | D:3      | Found a glowing drain.
  1780 | Sewer    | Entered a sewer
  1787 | Sewer    | Reached skill level 7 in Necromancy
  1787 | Sewer    | Reached XP level 5. HP: 16/35 MP: 9/9
  1877 | Sewer    | Noticed a big kobold
  1898 | Sewer    | Killed a big kobold
  1898 | Sewer    | Reached skill level 1 in Short Blades
  1994 | Sewer    | Gained mutation: You have sharp toenails. [potion of mutation]
  1994 | Sewer    | Rotted away (potion of mutation)

Action                   |  1- 3 |  4- 6 || total
-------------------------+-------+-------++-------
Melee: Unarmed           |     7 |       ||     7
       Dagger            |    89 |    76 ||   165
 Cast: Pain              |     8 |     4 ||    12
  Use: Scroll            |     7 |       ||     7
       Potion            |       |     5 ||     5
 Stab: Sleeping          |     5 |       ||     5
